 Dungeon Crawl Stone Soup version 0.20.1-1-g8b1a95d (webtiles) character file.

25679 equalderp2856 the Cleaver (level 12, -13/107 HPs)
             Began as a Minotaur Fighter on Oct 2, 2017.
             Mangled by Sonja
             ... wielding a +2 dagger of distortion
              (14 damage)
             ... on level 3 of the Lair of Beasts.
             The game lasted 00:43:39 (16323 turns).

equalderp2856 the Cleaver (Minotaur Fighter)       Turns: 16323, Time: 00:43:41

Health: -13/107    AC: 19    Str: 21    XL:     12   Next: 91%
Magic:  0/18       EV: 16    Int: 12    God:
Gold:   273        SH: 12    Dex: 13    Spells: 17/21 levels left

rFire    . . .     SeeInvis .   U - +3 war axe (freeze)
rCold    . . .     Gourm    .   c - +0 shield
rNeg     . . .     Faith    .   O - +5 scale mail "Alenn" {Int+5}
rPois    .         Spirit   +   (helmet restricted)
rElec    .         Reflect  .   q - +1 cloak
rCorr    .         Harm     .   E - +0 pair of gloves
MR       .....                  (no boots)
Stlth    +.........             L - amulet of guardian spirit
Regen    0.3/turn               n - +5 ring of evasion
MPRegen  0.2/turn               b - +2 ring of protection

@: about to teleport, slowed, very slow
A: retaliatory headbutt, horns 2
a: no special abilities


You were on level 3 of the Lair of Beasts.
You were hungry.

You visited 2 branches of the dungeon, and saw 15 of its levels.

You collected 1134 gold pieces.
You spent 861 gold pieces at shops.

Inventory:

Hand Weapons
 p - a +0 trident
 U - a +3 war axe of freezing (weapon)
Armour
 c - a +0 shield (worn)
 q - a +1 cloak (worn)
 E - a +0 pair of gloves (worn)
 H - a +0 plate armour
 O - the +5 scale mail "Alenn" (worn) {Int+5}
   (You found it on level 8 of the Dungeon)

   It affects your intelligence (+5).
Jewellery
 b - a +2 ring of protection (right hand)
 j - an uncursed amulet of regeneration
 n - a +5 ring of evasion (left hand)
 F - an uncursed amulet of rage
 L - an amulet of guardian spirit (around neck)
 M - an uncursed ring of protection from magic
 N - a +5 ring of dexterity
 R - an uncursed ring of protection from magic
 X - a +5 ring of evasion
Wands
 s - a wand of polymorph (11/24)
 z - a wand of scattershot (0/9)
 G - a wand of random effects (0/48)
 I - a wand of flame (19/48)
 P - a wand of enslavement (9/24)
Scrolls
 g - 3 scrolls of teleportation
 i - 5 scrolls of identify
 o - 6 scrolls of remove curse
 t - a scroll of acquirement
 w - 4 scrolls of immolation
 x - 3 scrolls of fog {unknown}
 y - 3 scrolls of magic mapping {unknown}
 B - a scroll of enchant armour
 C - 2 scrolls of amnesia {unknown}
 J - a scroll of summoning
 Q - 3 scrolls of enchant weapon
 S - 2 scrolls of random uselessness {unknown}
 V - a scroll of silence
 W - 2 scrolls of fear
 Y - 2 scrolls of recharging {unknown}
Potions
 d - 3 potions of might
 e - a potion of degeneration {unknown}
 h - 2 potions of lignification {unknown}
 k - 10 potions of curing
 l - a potion of haste {unknown}
 r - 2 potions of mutation {unknown}
 u - 6 potions of ambrosia {unknown}
 v - 3 potions of heal wounds {unknown}
 A - 2 potions of agility {unknown}
 D - 3 potions of berserk rage {unknown}
 K - 2 potions of brilliance {unknown}
 T - 2 potions of cancellation {unknown}
 Z - a potion of resistance {unknown}
Comestibles
 a - 2 royal jellies
 f - 10 bread rations
 m - 2 meat rations


   Skills:
 + Level 10.5 Fighting
 + Level 14.7(14.8) Axes
 + Level 2.8(10.3) Polearms
 + Level 10.4 Armour
 + Level 4.7 Dodging
 + Level 2.4 Stealth
 + Level 11.2 Shields
 + Level 5.2 Spellcasting
 * Level 2.4 Charms
 + Level 0.4 Translocations
 + Level 0.5 Evocations


You had 17 spell levels left.
You knew the following spells:

 Your Spells              Type           Power        Failure   Level  Hunger
a - Magic Dart            Conj           #...         58%         1    None
b - Blink                 Tloc           N/A          65%         2    ##.....
c - Infusion              Chrm           #...         26%         1    None


Dungeon Overview and Level Annotations

Branches:
Dungeon (12/15)            Temple (0/1) D:5            Lair (3/6) D:11
  Swamp (0/4) Lair:3       Spider (0/4) Lair:2          Orc (0/2) D:12

Altars:
Dithmenos
Elyvilon
Fedhas
Hepliaklqana
Kikubaaqudgha
Makhleb
Nemelex Xobeh
Ru
Sif Muna
Trog
Vehumet
Xom
Yredelemnul
Zin
The Shining One

Shops:
D:5 [   D:8 %   D:9 ?%(**   D:11 (

Annotations:
D:4 sasori113's ghost, novice DsGl
Lair:3 Sonja


Innate Abilities, Weirdness & Mutations

You reflexively headbutt those who attack you in melee.
You have a pair of horns on your head.


Message History

You feel very sick.
A curare-tipped needle appears from out of thin air!
The curare-tipped needle hits you.
You are more poisoned.
You have difficulty breathing.
* * * LOW HITPOINT WARNING * * *
You feel as though you will be slow longer.
It was a potion of curing.
You feel better. Something hits you but does no damage. Space bends around you.
* * * LOW HITPOINT WARNING * * *
Something hits you but does no damage. Space bends around you.
* * * LOW HITPOINT WARNING * * *
Something hits you but does no damage. Space warps horribly around you!
* * * LOW HITPOINT WARNING * * *
Something hits you but does no damage. Space bends around you.
* * * LOW HITPOINT WARNING * * *
Something hits you.
* * * LOW HITPOINT WARNING * * *
Space warps horribly around you!
You die...

.....P.§§§§§..##....#
.....#.#§......#...##
..##.......P#P......## .
..#......###......# .#
#...#..P....#..###
###P#P..........#. ###
####............
#(#####.#..........P ##
#..@..#.....<....... k
#.###...#...............
....##...(.....†....#P.#....P
.......(####......####......P
.....#### ###...## ##.|...#
#### #P#.# #....... #####
##.....# ####...###
##.....#.#


There were no monsters in sight!

Vanquished Creatures
  2 hydras
  3 two-headed ogres
  An unseen horror (D:12)
  Pikel (D:7)
  3 manticores
  3 centaur zombies
  2 black mambas (Lair:3)
  2 gargoyles (D:12)
  10 spiny frogs
  A rime drake (Lair:2)
  4 komodo dragons
  4 trolls
  3 blink frogs (Lair:1)
  4 hippogriffs
  A shadow (D:11)
  A wraith (D:10)
  17 yaks (D:11)
  A wyvern (Lair:1)
  The ghost of vatarom the Firebug, an amateur DsFE (D:3)
  4 hungry ghosts
  5 insubstantial wisps (Lair:3)
  13 water moccasins
  5 sky beasts
  6 porcupines
  2 ice beasts
  2 orc warriors
  3 necrophages
  6 ogres
  3 phantoms
  2 black bears
  An eye of draining (D:8)
  3 crocodiles
  3 centaurs
  2 big kobolds (D:7)
  13 bullfrogs
  A gnoll sergeant (D:10)
  A water moccasin zombie (D:8)
  A wyvern skeleton (D:11)
  4 scorpions
  7 wights (D:9)
  2 howler monkeys (D:9)
  2 bullfrog zombies
  6 crimson imps
  4 hounds
  2 quasits (D:10)
  6 orc priests
  2 bullfrog skeletons
  4 jellies
  9 orc wizards
  9 iguanas
  6 worker ants
  Robin (D:2)
  A worker ant zombie (D:8)
  5 gnolls (D:10)
  19 adders
  4 shadow imps
  3 oozes
  An adder zombie (D:7)
  5 worms
  A dart slug (D:2)
  A leopard gecko (D:6)
  38 orcs
  5 giant cockroaches
  17 goblins
  9 hobgoblins
  26 jackals
  5 quokkas
  4 ball pythons
  6 bats
  7 frilled lizards
  20 kobolds
  A quokka skeleton (D:5)
  19 rats
  A fungus (Lair:3)
402 creatures vanquished.

Vanquished Creatures (others)
  3 slaves (D:7)
  A centaur (D:7)
  A bullfrog skeleton (D:7)
  2 orc wizards (D:12)
  A howler monkey zombie (D:7)
  An orc (D:3)
  A quokka skeleton (D:7)
10 creatures vanquished.

Grand Total: 412 creatures vanquished

Notes
Turn   | Place    | Note
-------+----------+-------------------------------------------
     0 | D:1      | equalderp2856 the Minotaur Fighter began the quest for the Orb.
     0 | D:1      | Reached XP level 1. HP: 19/19 MP: 0/0
    54 | D:1      | Reached XP level 2. HP: 27/27 MP: 1/1
   319 | D:1      | Reached XP level 3. HP: 33/33 MP: 2/2
   348 | D:1      | Reached skill level 3 in Axes
   770 | D:2      | Reached XP level 4. HP: 31/40 MP: 3/3
   929 | D:2      | Found a bloodstained altar of Trog.
   980 | D:2      | Found a shadowy altar of Dithmenos.
  1148 | D:2      | Noticed Robin
  1164 | D:2      | Killed Robin
  1164 | D:2      | Reached XP level 5. HP: 46/47 MP: 4/4
  1214 | D:2      | Reached skill level 4 in Axes
  1462 | D:3      | Reached skill level 1 in Dodging
  2013 | D:3      | Found a faded altar of an unknown god.
  2044 | D:3      | Noticed vatarom's ghost (amateur DsFE)
  2178 | D:3      | Reached XP level 6. HP: 34/55 MP: 5/5
  2451 | D:3      | Found a glowing silver altar of Zin.
  2636 | D:3      | Reached skill level 5 in Armour
  2748 | D:4      | Found a burning altar of Makhleb.
  2772 | D:4      | Reached skill level 5 in Axes
  2791 | D:4      | Noticed sasori113's ghost (novice DsGl)
  2994 | D:3      | Killed vatarom's ghost
  2994 | D:3      | Reached skill level 5 in Fighting
  2994 | D:3      | Reached skill level 5 in Shields
  3218 | D:5      | Entered Level 5 of the Dungeon
  3258 | D:5      | Found a sacrificial altar of Ru.
  3269 | D:5      | Reached XP level 7. HP: 61/61 MP: 6/6
  3289 | D:5      | Found Isakedug's Armour Shop.
  3297 | D:5      | Bought a +0 pair of gloves for 49 gold pieces
  3309 | D:5      | Found a staircase to the Ecumenical Temple.
  3310 | D:5      | Found a deep blue altar of Sif Muna.
  3590 | D:5      | Reached skill level 6 in Axes
  3679 | D:6      | Reached skill level 7 in Axes
  3679 | D:6      | Reached skill level 1 in Stealth
  3881 | D:6      | Reached XP level 8. HP: 69/69 MP: 7/7
  3937 | D:6      | Found a blossoming altar of Fedhas.
  3990 | D:6      | Reached skill level 8 in Axes
  4422 | D:7      | Found a shimmering altar of Xom.
  4456 | D:7      | Noticed a hippogriff
  4459 | D:7      | Noticed Pikel
  4531 | D:7      | Killed Pikel
  4531 | D:7      | Reached skill level 9 in Axes
  4531 | D:7      | Reached XP level 9. HP: 75/78 MP: 8/8
  4630 | D:7      | Reached skill level 10 in Axes
  5067 | D:7      | Found a radiant altar of Vehumet.
  5298 | D:7      | Found a basalt altar of Yredelemnul.
  5298 | D:7      | Found a sparkling altar of Nemelex Xobeh.
  5327 | D:7      | Found a deep blue altar of Sif Muna.
  5372 | D:7      | Learned a level 1 spell: Magic Dart
  5375 | D:7      | Learned a level 2 spell: Blink
  5571 | D:8      | Noticed a two-headed ogre
  5603 | D:8      | Reached skill level 1 in Spellcasting
  5631 | D:8      | Killed a two-headed ogre
  5631 | D:8      | Reached XP level 10. HP: 67/86 MP: 3/13
  5826 | D:8      | Found a glowing golden altar of the Shining One.
  5887 | D:8      | Noticed a two-headed ogre
  5896 | D:8      | Killed a two-headed ogre
  6146 | D:8      | Found Hempeuh's Food Shop.
  6219 | D:8      | Found a white marble altar of Elyvilon.
  6242 | D:8      | Found a blossoming altar of Fedhas.
  6782 | D:8      | Reached skill level 5 in Spellcasting
  6788 | D:8      | Got a heavily runed scale mail
  6799 | D:8      | Identified the +5 scale mail "Alenn" {Int+5} (You found it on level 8 of the Dungeon)
  7122 | D:7      | Identified Sif Muna's Catalogue of Enhancements
  7810 | D:9      | Found Xikepn's Food Shoppe.
  7815 | D:9      | Found Oroliock's Weapon Shoppe.
  7824 | D:9      | Reached skill level 11 in Axes
  7830 | D:9      | Bought a +3 war axe of freezing for 349 gold pieces
  7852 | D:9      | Found Nasodo's Magic Scroll Emporium.
  7860 | D:9      | Bought a scroll of fear for 52 gold pieces
  7928 | D:9      | Found Siorofof's Profane Products.
  7930 | D:9      | Found an ancient bone altar of Kikubaaqudgha.
  8135 | D:9      | Found a hazy altar of Hepliaklqana.
  8321 | D:9      | Found Zarufesm's Assorted Antiques.
  8437 | D:10     | Entered Level 10 of the Dungeon
  8672 | D:10     | Reached XP level 11. HP: 94/94 MP: 17/17
  9075 | D:11     | Reached skill level 12 in Axes
  9182 | D:11     | Found Gafely's Antique Weapon Emporium.
  9281 | D:11     | Noticed a six-headed hydra
  9295 | D:11     | Killed a six-headed hydra
  9385 | D:11     | Reached skill level 1 in Polearms
  9697 | D:11     | Found a staircase to the Lair.
 10206 | D:11     | Noticed a two-headed ogre
 10229 | D:11     | Killed a two-headed ogre
 10229 | D:11     | Reached skill level 13 in Axes
 10493 | D:9      | Bought an ivory ring for 125 gold pieces
 10582 | D:9      | Bought a smoky green potion for 22 gold pieces
 10582 | D:9      | Bought a scroll labeled NEATEG LAHE for 25 gold pieces
 10582 | D:9      | Bought a metallic pink potion for 22 gold pieces
 10631 | Lair:1   | Entered Level 1 of the Lair of Beasts
 10942 | D:11     | Reached skill level 10 in Shields
 11643 | Lair:1   | Reached XP level 12. HP: 86/106 MP: 14/18
 13064 | D:11     | Reached skill level 10 in Armour
 13205 | D:9      | Bought 2 blue potions for 45 gold pieces
 13324 | D:9      | Bought a +0 broad axe for 60 gold pieces
 13333 | D:9      | Identified a scroll of acquirement
 13418 | Lair:1   | Learned a level 1 spell: Infusion
 13679 | D:12     | Reached skill level 10 in Fighting
 13708 | D:12     | Reached skill level 14 in Axes
 13811 | D:12     | Reached skill level 1 in Charms
 14563 | D:12     | Found a staircase to the Orcish Mines.
 15013 | D:9      | Bought a scroll of enchant weapon for 112 gold pieces
 15219 | Lair:2   | Noticed a five-headed hydra
 15238 | Lair:2   | Killed a five-headed hydra
 15546 | Lair:2   | Found a hole to the Spider Nest.
 16030 | Lair:3   | Found a staircase to the Swamp.
 16303 | Lair:3   | Noticed Sonja
 16323 | Lair:3   | HP: 5/107 [something (2)]
 16323 | Lair:3   | HP: 1/107 [something (4)]
 16323 | Lair:3   | Mangled by Sonja

Skill      XL: |  1  2  3  4  5  6  7  8  9 10 11 12 |
---------------+-------------------------------------+-----
Fighting       | 4 5 6 7 8 9 10 | 10.5
Shields        | 4 5 7 8 10 11 | 11.2
Axes           | 3 4 5 7 9 10 11 13 14 | 14.7
Armour         | 4 5 6 7 9 10 | 10.4
Dodging        | 1 2 3 4 |  4.7
Stealth        | 1 2 |  2.4
Spellcasting   | 2 5 |  5.2
Polearms       | 2 |  2.8
Charms         | 2 |  2.4
Translocations | |  0.4
Evocations     | |  0.5

Action                   |  1- 3 |  4- 6 |  7- 9 | 10-12 || total
-------------------------+-------+-------+-------+-------++-------
Melee: War axe           |    75 |   236 |   259 |   608 ||  1178
       Headbutt          |     7 |    45 |    36 |   130 ||   218
       Trident           |       |       |     3 |    17 ||    20
 Cast: Blink             |       |       |       |     2 ||     2
Evoke: Wand              |       |       |       |    14 ||    14
  Use: Scroll            |       |     5 |     2 |     6 ||    13
       Potion            |       |       |       |     1 ||     1
  Eat: Chunk             |       |     5 |     8 |    10 ||    23
       Royal jelly       |       |     1 |       |     1 ||     2
       Meat ration       |       |       |     1 |     4 ||     5
       Fruit             |       |       |     1 |     6 ||     7
Armor: Scale mail        |    42 |    83 |    35 |    51 ||   211
       Plate armour      |       |       |    73 |   140 ||   213
Dodge: Dodged            |    36 |   128 |   121 |   255 ||   540
Block: Shield            |    50 |   138 |   149 |   321 ||   658
